 Dungeon Crawl Stone Soup version 0.30.0-29-ga12c61a403 (webtiles) character file.

Game seed: 5632115139492978423

1236 qw the Cleaver (level 8, 0/51 HPs)
             Began as a Gargoyle Fighter on June 4, 2023.
             Slain by a yak (5 damage)
             ... on level 6 of the Dungeon.
             The game lasted 00:02:30 (4750 turns).

qw the Cleaver (Gargoyle Fighter)                   Turns: 4750, Time: 00:02:30

Health: 0/51       AC: 18    Str: 23    XL:     8   Next: 49%
Magic:  8/8        EV: 10    Int:  8    God:
Gold:   167        SH:  4    Dex: 12    Spells: 7/7 levels left

rFire   . . .        q - +2 war axe (vamp)
rCold   + . .        c - +0 buckler
rNeg    + . .        n - +4 scale mail
rPois   inf          f - +0 helmet
rElec   +            k - +0 cloak
rCorr   .            (no gloves)
SInv    .            (no boots)
Will    .....        (no amulet) Stlth
                     o - ring of protection from cold
HPRegen 0.28/turn    l - +3 ring of dexterity
MPRegen 0.11/turn

%: no passive effects
@: no status effects
A: sickness immunity, AC +5, negative energy resistance 1, electricity
resistance, torment resistance 1, petrification resistance
a: no special abilities


You were on level 6 of the Dungeon.
You visited 2 branches of the dungeon, and saw 7 of its levels.

You collected 277 gold pieces.
You spent 110 gold pieces at shops.


Innate Abilities, Weirdness & Mutations

You are immune to sickness and miasma.
Your stone body is resilient. (AC +5)
You are immune to poison.
You resist negative energy. (rN+)
You are resistant to electric shocks. (rElec)
You are resistant to unholy torment.
You are immune to petrification.


   Skills:
 + Level 5.6 Fighting
 - Level 8.0 Axes
 - Level 1.4 Throwing
 - Level 3.2 Armour
 - Level 1.2 Dodging
 - Level 3.2 Shields


You had 7 spell levels left.
You didn't know any spells.
Your spell library was empty.

Inventory:

Hand Weapons
 q - a +2 vampiric war axe (weapon)
 v - a +0 morningstar
Armour
 c - a +0 buckler (worn)
 f - a +0 helmet (worn)
 k - a +0 cloak (worn)
 n - a +4 scale mail (worn)
 u - a +0 plate armour
Jewellery
 b - a ring of protection from fire
 i - a ring of fire
 l - a +3 ring of dexterity (right hand)
 o - a ring of protection from cold (left hand)
 r - a +5 ring of evasion
 t - a +4 ring of protection
Scrolls
 a - 4 scrolls of identify
 p - a scroll of poison {unknown}
Potions
 d - 2 potions of might
 e - a potion of curing
 h - 2 potions of cancellation
 j - a potion of resistance
 m - 2 potions of mutation
 s - a potion of lignification {unknown}

Dungeon Overview and Level Annotations

Branches:
Dungeon (6/15)             Temple (1/1) D:5

Altars:
Ashenzari
Cheibriados
Dithmenos
Elyvilon
Gozag
Hepliaklqana
Kikubaaqudgha
Makhleb
Nemelex Xobeh
Qazlal
Ru
Sif Muna
Trog
Uskayaw
Vehumet
Wu Jian
Xom
Yredelemnul
Zin
The Shining One

Shops:
D:3 *   D:4 =   D:6 :

Annotations:
D:6 1 runed translucent door, qw's ghost, novice GrFi


Message History

You hit the yak but do no damage. You closely miss something.
You barely miss the yak. The yak gores you.
The yak gores you but does no damage. The yak gores you!
Something hits you but does no damage.
You closely miss the yak.
The yak is heavily wounded.
You closely miss the yak. You hit the yak. You barely miss something.
The yak gores you but does no damage. The yak gores you.
The yak barely misses you. Something hits you but does no damage.
You hit the yak but do no damage.
The yak is heavily wounded.
You hit the yak but do no damage. You barely miss the yak. You hit something.
The yak gores you. The yak misses you. Something hits you but does no damage.
The yak gores you.
4747 ||| DRINKING potion of heal wounds.
You feel much better. The yak gores you. The yak gores you but does no damage.
The yak closely misses you. Something hits you but does no damage.
You hit the yak but do no damage.
The yak is heavily wounded.
You hit the yak. x2; You feel better. You closely miss something.
The yak gores you but does no damage. The yak completely misses you.
The yak gores you. You block something's attack. The yak gores you.
The yak barely misses you. The yak closely misses you.
Something hits you but does no damage.
You hit the yak but do no damage.
The yak is heavily wounded.
You slash the yak! You hit the yak.
You feel better.
You barely miss something.
The yak closely misses you. x2; The yak gores you but does no damage.
You hear some strange, mumbled words.
A magic dart appears from out of thin air!
The magic dart hits you but does no damage.
You closely miss the yak.
The yak is almost dead.
You slash the yak! You hit something.
You feel better.
You hit the yak. The yak gores you! You block the yak's attack.
You hear some strange, mumbled words.
A magic dart appears from out of thin air!
The magic dart hits you. The yak gores you.
You die...

#.######.......
#..........##
#%..........#
#.######.#..# ### # #.#
####.#..###.#.. . ####.#
#.............#.. .....#
#.##....###.#..!.
..#..###.##.....)Y....#.
...#...........#@{......
#........###...#YY......
#..##........<.#Y....###
#..##.######..##..?..#
...##.# #..####.###
...##\# #..# .# .####.#
#.. .# ......# .#
##.####


You could see 4 yaks.

Vanquished Creatures
  Sigmund (D:2)
  Menkaure (D:5)
  An orc warrior (D:6)
  2 bullfrogs (D:6)
  Blork the orc (D:5)
  A howler monkey (D:5)
  2 jellies
  2 orc priests (D:6)
  Jessica (D:2)
  Ijyb (D:4)
  Natasha (thrice) (D:2)
  An iguana (D:5)
  4 orc wizards
  Robin (D:2)
  3 gnolls (D:6)
  9 adders
  2 ufetubi
  5 worms
  A dart slug (D:5)
  10 orcs
  6 endoplasms
  5 giant cockroaches
  13 goblins
  15 hobgoblins
  3 jackals (D:3)
  6 kobolds
  3 quokkas
  3 ball pythons
  4 bats
  2 frilled lizards
  7 rats
119 creatures vanquished.

Notes
Turn   | Place    | Note
-------+----------+-------------------------------------------
     0 | D:1      | qw the Gargoyle Fighter began the quest for the Orb.
     0 | D:1      | Reached XP level 1. HP: 14/14 MP: 1/1
     0 | D:1      | 0 ||| qw: Version: 0.2-a-106-g05974ce
     0 | D:1      | 0 ||| qw: Game counter: 1165
     0 | D:1      | 0 ||| qw: Always use a shield: true
     0 | D:1      | 0 ||| qw: God list: Okawaru
     0 | D:1      | 0 ||| qw: Allow faded altars: false
     0 | D:1      | 0 ||| qw: Do Orc after D:15 true
     0 | D:1      | 0 ||| qw: Do second Lair branch before Depths: true
     0 | D:1      | 0 ||| qw: Lair rune preference: random
     0 | D:1      | 0 ||| qw: Plans: Normal, Zot:1-4, Slime:5, God:TSO, Crypt,
                  | Tomb, Abyss, Pan, Hells, Win
     0 | D:1      | 0 ||| PLANNING D:1-11
    87 | D:1      | Reached skill level 2 in Axes
   151 | D:1      | Found a faded altar of an unknown god.
   215 | D:1      | Reached XP level 2. HP: 19/19 MP: 2/2
   245 | D:1      | 245 ||| DROPPING +0 club.
   299 | D:1      | 299 ||| Stepping ~*~*~tactically~*~*~ (stealth).
   337 | D:1      | 337 ||| FLEEEEING.
   338 | D:1      | 338 ||| Stepping ~*~*~tactically~*~*~ (hiding).
   822 | D:1      | 822 ||| UPGRADING to +0 cloak.
   827 | D:1      | 827 ||| READING 2 scrolls labelled IJOUTIDWOA.
   828 | D:1      | 828 ||| READING scroll labelled JUMUT XARIPH.
   829 | D:1      | 829 ||| DRINKING 3 clear potions.
   830 | D:1      | 830 ||| DRINKING 2 coppery potions.
   831 | D:1      | 831 ||| DROPPING scroll of magic mapping.
   863 | D:2      | Noticed Natasha
   864 | D:2      | 864 ||| Stepping ~*~*~tactically~*~*~ (hiding).
   872 | D:2      | Killed Natasha
   873 | D:2      | Reached skill level 3 in Axes
   873 | D:2      | Reached XP level 3. HP: 11/23 MP: 3/3
   874 | D:2      | Noticed Natasha
   880 | D:2      | HP: 2/23 [Natasha/magic dart (4)]
   881 | D:2      | 881 ||| DRINKING potion of heal wounds.
   889 | D:2      | Killed Natasha
   890 | D:2      | Reached skill level 1 in Throwing
   890 | D:2      | Reached XP level 4. HP: 28/28 MP: 4/4
   985 | D:2      | 985 ||| Stepping ~*~*~tactically~*~*~ (stealth).
  1019 | D:2      | 1019 ||| Stepping ~*~*~tactically~*~*~ (stealth).
  1091 | D:2      | 1091 ||| Stepping ~*~*~tactically~*~*~ (stealth).
  1097 | D:2      | 1097 ||| Stepping ~*~*~tactically~*~*~ (stealth).
  1098 | D:2      | Noticed Robin
  1114 | D:2      | Noticed Natasha
  1123 | D:2      | Killed Robin
  1138 | D:2      | Killed Natasha
  1139 | D:2      | Reached skill level 4 in Axes
  1139 | D:2      | Reached XP level 5. HP: 27/32 MP: 5/5
  1174 | D:2      | Noticed Jessica
  1177 | D:2      | 1177 ||| Stepping ~*~*~tactically~*~*~ (hiding).
  1187 | D:2      | Killed Jessica
  1252 | D:2      | 1252 ||| Stepping ~*~*~tactically~*~*~ (stealth).
  1261 | D:2      | 1261 ||| Stepping ~*~*~tactically~*~*~ (stealth).
  1338 | D:2      | Noticed Sigmund
  1339 | D:2      | 1339 ||| Stepping ~*~*~tactically~*~*~ (hiding).
  1346 | D:2      | Killed Sigmund
  1347 | D:2      | Reached skill level 5 in Axes
  1347 | D:2      | Reached XP level 6. HP: 37/37 MP: 6/6
  1675 | D:2      | 1675 ||| UPGRADING to +0 helmet.
  1680 | D:2      | 1680 ||| READING 2 scrolls labelled VYSMYUC SAMMIGG.
  1681 | D:2      | 1681 ||| READING scroll labelled VOIKODGHOLA.
  1682 | D:2      | 1682 ||| DRINKING 3 inky potions.
  1736 | D:3      | 1736 ||| Stepping ~*~*~tactically~*~*~ (stealth).
  1926 | D:3      | Found an opulent altar of Gozag.
  1927 | D:3      | Found Gozag's Platinum Reserve.
  2144 | D:3      | 2144 ||| DROPPING +0 whip.
  2332 | D:3      | 2332 ||| UPGRADING to ring of protection from cold.
  2333 | D:3      | 2333 ||| READING scroll labelled WUWOUDDE YBORI.
  2434 | D:3      | 2434 ||| READING scroll labelled LEUMOS TOUSAZ.
  2435 | D:3      | 2435 ||| READING scroll labelled ODUBAPR WILAPTE.
  2436 | D:3      | 2436 ||| READING scroll labelled SIMAOMUYHY.
  2533 | D:4      | 2533 ||| Stepping ~*~*~tactically~*~*~ (stealth).
  2537 | D:4      | 2537 ||| Stepping ~*~*~tactically~*~*~ (stealth).
  2547 | D:4      | 2547 ||| DRINKING 2 potions of curing.
  2547 | D:4      | 2547 ||| (to cure confusion)
  2559 | D:4      | Reached skill level 1 in Dodging
  2559 | D:4      | Reached XP level 7. HP: 42/43 MP: 7/7
  2571 | D:4      | Found Xopeug's One-of-a-Kind Rings.
  2576 | D:4      | 2576 ||| BUYING +3 ring of dexterity (110 gold).
  2576 | D:4      | Bought a +3 ring of dexterity for 110 gold pieces
  2576 | D:4      | 2576 ||| SHOPLISTING +3 ring of evasion (110 gold, have
                  | 47).
  2576 | D:4      | 2576 ||| SHOPLISTING +7 ring of evasion (726 gold, have
                  | 47).
  2576 | D:4      | 2576 ||| SHOPLISTING +8 ring of strength (605 gold, have
                  | 47).
  2620 | D:4      | Noticed Ijyb
  2621 | D:4      | 2621 ||| Stepping ~*~*~tactically~*~*~ (hiding).
  2627 | D:4      | Reached skill level 6 in Axes
  2637 | D:4      | Killed Ijyb
  2692 | D:4      | 2692 ||| FLEEEEING.
  2693 | D:4      | 2693 ||| FLEEEEING.
  2694 | D:4      | 2694 ||| FLEEEEING.
  2695 | D:4      | 2695 ||| FLEEEEING.
  2696 | D:4      | 2696 ||| FLEEEEING.
  2697 | D:4      | 2697 ||| FLEEEEING.
  2698 | D:4      | 2698 ||| FLEEEEING.
  2699 | D:4      | 2699 ||| FLEEEEING.
  2700 | D:4      | 2700 ||| FLEEEEING.
  2701 | D:4      | 2701 ||| FLEEEEING.
  2702 | D:4      | 2702 ||| FLEEEEING.
  2703 | D:4      | 2703 ||| FLEEEEING.
  2704 | D:4      | 2704 ||| FLEEEEING.
  2705 | D:4      | 2705 ||| FLEEEEING.
  2706 | D:4      | 2706 ||| FLEEEEING.
  2707 | D:4      | 2707 ||| FLEEEEING.
  2708 | D:4      | 2708 ||| FLEEEEING.
  2709 | D:4      | 2709 ||| FLEEEEING.
  2710 | D:4      | 2710 ||| FLEEEEING.
  2711 | D:4      | 2711 ||| FLEEEEING.
  2712 | D:4      | 2712 ||| FLEEEEING.
  2713 | D:4      | 2713 ||| FLEEEEING.
  2820 | D:4      | Found a white marble altar of Elyvilon.
  2820 | D:4      | Found a hide-covered altar of Uskayaw.
  2836 | D:4      | Found a basalt altar of Yredelemnul.
  2844 | D:4      | Found a bloodstained altar of Trog.
  3011 | D:4      | 3011 ||| READING scroll of enchant weapon.
  3011 | D:4      | 3011 ||| ENCHANTING +1 war axe.
  3334 | D:4      | 3334 ||| UPGRADING to +4 scale mail.
  3344 | D:4      | 3344 ||| DROPPING +0 scale mail.
  3345 | D:4      | 3345 ||| UPGRADING to +3 ring of dexterity.
  3346 | D:4      | 3346 ||| READING scroll labelled CITHRI ZAFAUNNA.
  3349 | D:4      | 3349 ||| READING 5 scrolls of identify.
  3349 | D:4      | 3349 ||| IDENTIFYING viscous inky potion
  3350 | D:4      | 3350 ||| READING 4 scrolls of identify.
  3350 | D:4      | 3350 ||| IDENTIFYING fizzy brown potion
  3384 | D:5      | Entered Level 5 of the Dungeon
  3558 | D:5      | 3558 ||| Stepping ~*~*~tactically~*~*~ (stealth).
  3559 | D:5      | 3559 ||| Stepping ~*~*~tactically~*~*~ (stealth).
  3562 | D:5      | 3562 ||| Stepping ~*~*~tactically~*~*~ (stealth).
  3563 | D:5      | 3563 ||| Stepping ~*~*~tactically~*~*~ (stealth).
  3627 | D:5      | Noticed Menkaure
  3628 | D:5      | 3628 ||| Stepping ~*~*~tactically~*~*~ (hiding).
  3634 | D:5      | Killed Menkaure
  3635 | D:5      | Reached skill level 7 in Axes
  3742 | D:5      | Noticed Blork the orc
  3751 | D:5      | Killed Blork the orc
  3977 | D:5      | Found a staircase to the Ecumenical Temple.
  3978 | D:5      | 3978 ||| PLANNING TEMPLE
  3978 | D:5      | 3978 ||| READING 2 scrolls labelled XIECLU SYDUM.
  3979 | D:5      | 3979 ||| DROPPING +2 heavy flail.
  3980 | D:5      | 3980 ||| READING scroll of brand weapon.
  3980 | D:5      | 3980 ||| BRANDING +2 war axe of flaming.
  3981 | D:5      | 3981 ||| READING scroll labelled SON SAULEFA.
  3990 | Temple   | Entered the Ecumenical Temple
  4104 | Temple   | 4104 ||| PLANNING D:1-11
  4325 | D:6      | 4325 ||| Stepping ~*~*~tactically~*~*~ (hiding).
  4339 | D:6      | Reached XP level 8. HP: 41/48 MP: 8/8
  4383 | D:6      | 4383 ||| Stepping ~*~*~tactically~*~*~ (stealth).
  4499 | D:6      | Found a runed translucent door.
  4501 | D:6      | Noticed qw's ghost (novice GrFi)
  4512 | D:6      | Found Utuesu Jiem's Book Emporium.
  4533 | D:6      | 4533 ||| Stepping ~*~*~tactically~*~*~ (hiding).
  4534 | D:6      | 4534 ||| Stepping ~*~*~tactically~*~*~ (hiding).
  4537 | D:6      | 4537 ||| Stepping ~*~*~tactically~*~*~ (hiding).
  4539 | D:6      | 4539 ||| Stepping ~*~*~tactically~*~*~ (hiding).
  4591 | D:6      | 4591 ||| DROPPING +0 whip.
  4732 | D:6      | Noticed a yak
  4732 | D:6      | Noticed a yak
  4732 | D:6      | Noticed a yak
  4733 | D:6      | Noticed a yak
  4740 | D:6      | Reached skill level 8 in Axes
  4740 | D:6      | HP: 11/50 [yak (11)]
  4741 | D:6      | 4741 ||| DRINKING 2 potions of heal wounds.
  4746 | D:6      | HP: 12/51 [yak (1)]
  4747 | D:6      | 4747 ||| DRINKING potion of heal wounds.
  4750 | D:6      | HP: 5/51 [something/magic dart (6)]
  4750 | D:6      | Slain by a yak

Levels and vault maps discovered:
D:1:      minmay_arrival_four_houses, layout_basic, ebering_ecumenical_altar_box
D:2:      layout_rooms, uniq_sigmund, uniq_natasha, uniq_robin, uniq_jessica
D:3:      layout_rooms, nicolae_gozag_zags_fifth_avenue, corexii_hall_statues_x
D:4:      layout_loops_ring, grunt_temple_overflow_cloverleaf,
          nicolae_shop_unique_rings, serial_bayou_pond_b, nicolae_goblin_pals
D:5:      layout_loops_cross, minmay_temple_entry_antechambers,
          minmay_manual_mess, uniq_blork_the_orc, uniq_menkaure
D:6:      layout_loops_ring, serial_shops, shop, hellmonk_ghost_happy_afterlife,
          uniq_prince_ribbit1
Temple:   nicolae_temple_superstar

Skill      XL: |  1  2  3  4  5  6  7  8 |
---------------+-------------------------+-----
Axes           | 2 3 4 5 7 8 |  8.0
Throwing       | 1 |  1.4
Fighting       | 4 5 |  5.6
Dodging        | 1 |  1.2
Armour         | |  3.2
Shields        | |  3.2

Action                     |  1- 3 |  4- 6 |  7- 9 || total
---------------------------+-------+-------+-------++-------
  Melee: War axe           |    50 |   201 |   155 ||   406
  Throw: Javelin           |     9 |     7 |       ||    16
    Use: Potion            |     3 |     2 |     2 ||     7
         Scroll            |     2 |     6 |     7 ||    15
 Armour: Scale mail        |    32 |    96 |    88 ||   216
  Dodge: Dodged            |    21 |    90 |    65 ||   176
  Block: Buckler           |    12 |    39 |    25 ||    76

Table legend:
 A = Non-vault XP
 B = Vault XP
 C = Vault XP percentage of total XP
 D = Non-vault monster count
 E = Vault monster count
 F = Vault count percentage of total count
                 A         B        C        D         E       F
            +---------+---------+-------+---------+---------+-------
      Total |    1023 |     743 |  42.1 |      90 |      29 |  24.4
            +---------+---------+-------+---------+---------+-------
        D:1 |      22 |       0 |   0.0 |      14 |       0 |   0.0
        D:2 |     124 |     349 |  73.8 |      17 |      15 |  46.9
        D:3 |      92 |       0 |   0.0 |      25 |       0 |   0.0
        D:4 |     132 |      50 |  27.5 |      16 |       8 |  33.3
        D:5 |      57 |     344 |  85.8 |       3 |       6 |  66.7
        D:6 |     596 |       0 |   0.0 |      15 |       0 |   0.0
            +---------+---------+-------+---------+---------+-------
